 Dungeon Crawl Stone Soup version 0.22-a0-422-g9628fc8 (webtiles) character file.

996 Borgoz the Skirmisher (level 8, -10/49 HPs)
             Began as a Gargoyle Abyssal Knight on May 19, 2018.
             Was a Believer of Lugonu.
             Killed from afar by torrenera's ghost (37 damage)
             ... with an orb of energy
             ... on level 6 of the Dungeon.
             The game lasted 00:06:25 (4462 turns).

Borgoz the Skirmisher (Gargoyle Abyssal Knight)     Turns: 4462, Time: 00:06:26

Health: -10/49     AC: 15    Str: 16    XL:     8   Next: 19%
Magic:  11/11      EV: 11    Int: 13    God:    Lugonu [**....]
Gold:   217        SH:  0    Dex: 11    Spells: 7/7 levels left

rFire    + . .     SeeInvis .   a - +1 hand axe
rCold    . . .     Gourm    .   (no shield)
rNeg     + . .     Faith    .   q - +1 scale mail {rF+}
rPois    ∞         Spirit   .   (no helmet)
rElec    +         Reflect  .   (no cloak)
rCorr    .         Harm     .   (no gloves)
MR       +....                  (no boots)
Stlth    ..........             x - amulet of rage
HPRegen  0.16/turn              l - ring of protection from magic
MPRegen  0.12/turn              b - +2 ring of protection

@: berserk cooldown, slowed, very slow
A: negative energy resistance 1, electricity resistance, unbreathing,
petrification resistance, rot immunity, AC +5
a: Depart the Abyss, Bend Space, Renounce Religion, Evoke Berserk Rage


You were on level 6 of the Dungeon.
You worshipped Lugonu.
Lugonu was pleased with you.
You were hungry.

You visited 1 branch of the dungeon, and saw 6 of its levels.
You visited the Abyss 1 time.

You collected 217 gold pieces.

Inventory:

Hand Weapons
 a - a +1 hand axe (weapon)
 C - a +2 war axe of freezing
Armour
 q - a +1 scale mail of fire resistance (worn)
 z - the cursed +0 buckler "Gioxkit" {rElec rCorr Int-4, unknown}
   (You found it on level 6 of the Dungeon)

   It affects your intelligence (-4).
   It insulates you from electricity.
   It protects you from acid and corrosion.
   It has a curse placed upon it.
Jewellery
 b - a +2 ring of protection (right hand)
 l - a ring of protection from magic (left hand)
 n - a +1 ring of evasion
 o - an uncursed amulet of magic regeneration
 x - an amulet of rage (around neck)
Wands
 j - a wand of random effects (56)
Scrolls
 f - a scroll of random uselessness {unknown}
 i - a scroll of remove curse
 m - a scroll of noise {unknown}
 p - a scroll of fog {unknown}
 t - a scroll of enchant weapon {unknown}
 v - a scroll of blinking {unknown}
 y - 2 scrolls of enchant armour {unknown}
 B - a scroll of teleportation {unknown}
Potions
 d - 2 potions of invisibility
 e - a potion of berserk rage
 g - a potion of haste
 h - 2 potions of heal wounds
 k - a potion of resistance
 r - a potion of might {unknown}
 s - a potion of cancellation {unknown}
 u - a potion of flight
 w - 2 potions of magic
Comestibles
 c - 5 rations


   Skills:
 + Level 5.0 Fighting
 * Level 4.6 Axes
 + Level 4.2 Armour
 * Level 4.0 Dodging
 + Level 4.0 Invocations
 + Level 1.4 Evocations


You had 7 spell levels left.
You didn't know any spells.
Your spell library was empty.

Dungeon Overview and Level Annotations

Branches:
Dungeon (6/15)
 Temple: D:4-7

Altars:
Ashenzari
Dithmenos
Fedhas
Makhleb
Okawaru
Qazlal
Xom
Yredelemnul
The Shining One

Annotations:
D:6 torrenera's ghost, novice DECj


Innate Abilities, Weirdness & Mutations

You are resistant to torment.
Your stone body is resilient. (AC +5)
You are immune to poison.
You resist negative energy. (rN+)
You are resistant to electric shocks. (rElec)
You can survive without breathing.
You are immune to petrification.
You are immune to rotting.


Message History

Torrenera's ghost is severely damaged.
Torrenera's ghost hits you.
You hit torrenera's ghost.
Torrenera's ghost is severely damaged.
You are no longer berserk.
You are exhausted.
You feel yourself slow down.
Torrenera's ghost hits you but does no damage.
You hit torrenera's ghost but do no damage.
Torrenera's ghost is severely damaged.
Torrenera's ghost barely misses you.
You closely miss torrenera's ghost.
Torrenera's ghost is severely damaged.
Torrenera's ghost hits you. x2
You hit torrenera's ghost.
Torrenera's ghost is severely damaged.
Torrenera's ghost casts a spell at you. The orb of energy hits you!
Ouch! That really hurt!
You die...

#.# ##...
#######.####....
#..............>
####...###..#.
#.........).#.
#.##...####.(. #
#.###.## ###.
....#######.# #.#
#. #...W@)...#
#.# #.
#......).......#
#.
#...#########....
.. .... #.### ###
### # ##


You could see torrenera's ghost.

Vanquished Creatures
  A sky beast (D:5)
  2 phantoms
  An ogre (D:5)
  A centaur (D:5)
  2 scorpions
  A bullfrog skeleton (D:6)
  A centaur skeleton (D:4)
  An orc wizard (D:5)
  2 orc priests
  2 iguanas (D:4)
  5 worker ants
  8 adders
  A shadow imp (D:6)
  2 oozes
  2 worms
  A dart slug (D:1)
  2 leopard geckos
  11 orcs
  2 giant cockroaches
  2 goblins
  8 hobgoblins
  2 jackals (D:2)
  2 quokkas
  2 ball pythons
  4 bats
  3 frilled lizards
  6 kobolds
  6 rats
  A butterfly (D:4)
84 creatures vanquished.

Notes
Turn   | Place    | Note
-------+----------+-------------------------------------------
     0 | Abyss:1  | Borgoz the Gargoyle Abyssal Knight began the quest for the Orb.
     0 | Abyss:1  | Reached XP level 1. HP: 14/14 MP: 2/2
    36 | Abyss:2  | Noticed a hellwing
    38 | D:1      | Escaped the Abyss
   153 | D:1      | Reached skill level 1 in Dodging
   164 | D:1      | Reached XP level 2. HP: 19/19 MP: 3/3
   226 | D:1      | Reached * piety under Lugonu
   502 | D:2      | Reached XP level 3. HP: 22/23 MP: 4/4
   755 | D:2      | Found a burning altar of Makhleb.
   935 | D:2      | Reached ** piety under Lugonu
   949 | D:2      | Reached XP level 4. HP: 8/29 MP: 5/5
   959 | D:2      | Found an iron altar of Okawaru.
  1545 | D:3      | Found a shadowy altar of Dithmenos.
  1749 | D:3      | Found a basalt altar of Yredelemnul.
  1749 | D:3      | Found a faded altar of an unknown god.
  1754 | D:3      | Found a blossoming altar of Fedhas.
  1756 | D:3      | Found a stormy altar of Qazlal.
  1757 | D:3      | Found a faded altar of an unknown god.
  2203 | D:4      | Reached XP level 5. HP: 23/33 MP: 5/7
  2319 | D:4      | Found a shattered altar of Ashenzari.
  2338 | D:4      | Reached skill level 4 in Fighting
  2443 | D:4      | Found a shimmering altar of Xom.
  2687 | D:4      | Reached XP level 6. HP: 34/38 MP: 8/8
  3492 | D:5      | Entered Level 5 of the Dungeon
  3524 | D:5      | Noticed a phantom
  3545 | D:5      | Killed a phantom
  3545 | D:5      | Reached XP level 7. HP: 44/44 MP: 9/9
  3910 | D:5      | Found a glowing golden altar of the Shining One.
  3997 | D:5      | Reached skill level 1 in Evocations
  4049 | D:5      | Found a blossoming altar of Fedhas.
  4232 | D:6      | Got a distressingly furry buckler
  4263 | D:6      | Reached XP level 8. HP: 46/48 MP: 10/10
  4446 | D:6      | Noticed torrenera's ghost (novice DECj)
  4452 | D:6      | Reached skill level 5 in Fighting
  4462 | D:6      | Killed from afar by torrenera's ghost

Vault maps used:
D:1:      scummos_arrival_simple_crosswalls
D:2:      lemuel_crystal_altar, okawaru_metal_pillars_1_2
D:3:      chequers_temple_overflow_minitemple,
          nicolae_dithmenos_through_a_glass_darkly, first_ration
D:4:      xom_butterflies, ashenzari_altar_1
D:5:      tso_metal_star, basic_altar
D:6:      marbit_many_paths

Skill      XL: |  1  2  3  4  5  6  7  8 |
---------------+-------------------------+-----
Dodging        | 1 2 3 4 |  4.0
Axes           | 2 3 4 |  4.6
Armour         | 3 4 |  4.2
Fighting       | 4 5 |  5.0
Invocations    | 3 4 |  4.0
Evocations     | 1 |  1.4

Action                   |  1- 3 |  4- 6 |  7- 9 || total
-------------------------+-------+-------+-------++-------
Melee: Hand axe          |   105 |   180 |   114 ||   399
Invok: Depart the Abyss  |     1 |       |       ||     1
 Abil: Evoke Berserk Rag |       |     1 |     2 ||     3
  Use: Potion            |     2 |       |       ||     2
       Scroll            |       |     6 |     4 ||    10
  Eat: Chunk             |       |     9 |     5 ||    14
Armor: Leather armour    |    44 |     3 |       ||    47
       Scale mail        |       |    75 |    69 ||   144
Dodge: Dodged            |    67 |    93 |    62 ||   222

Table legend:
 A = Spawn XP
 B = Non-spawn XP
 C = Spawn XP percentage of total XP
 D = Spawn monster count
 E = Non-spawn monster count
 F = Spawn count percentage of total count
 G = Total turns spent on level
                    A         B        C        D         E        F      G
               +---------+---------+-------+---------+---------+-------+---------
         Total |       0 |    1424 |   0.0 |       0 |      83 |   0.0 |  4462
               +---------+---------+-------+---------+---------+-------+---------
           D:1 |       0 |      31 |   0.0 |       0 |      14 |   0.0 |   456
           D:2 |       0 |      81 |   0.0 |       0 |      24 |   0.0 |  1038
           D:3 |       0 |      25 |   0.0 |       0 |       7 |   0.0 |   651
           D:4 |       0 |     371 |   0.0 |       0 |      17 |   0.0 |  1309
           D:5 |       0 |     670 |   0.0 |       0 |      12 |   0.0 |   721
           D:6 |       0 |     246 |   0.0 |       0 |       9 |   0.0 |   249
               +---------+---------+-------+---------+---------+-------+---------
